Bruins vs Panthers

Created - February 20, 2015 at 18:46

Goals
1 2 3 T
Bruins 3 0 0 3
Panthers 3 1 1 5
Shots
1 2 3 T
Bruins 17 1 6 24
Panthers 13 6 12 31

1st period

1. Bruins , Ryan Spooner 3 (Matt Bartkowski, Matt Moulson) at 2:51
2. Bruins , Andrew Ladd 19 (Jakub Voracek, Drew Doughty) at 5:46 (PP)
3. Bruins , Jakub Voracek 19 (John Carlson, Tuukka Rask) at 13:22
4. Panthers , Matt Niskanen 13 (Mark Scheifele, Sami Salo) at 14:26
5. Panthers , Nathan MacKinnon 14 (Matt Niskanen, Matt Duchene) at 15:00 (PP)
6. Panthers , Nathan MacKinnon 15 (Niklas Hjalmarsson, Danny DeKeyser) at 18:47

Penalties :
Matt Duchene (FLA) for Holding (Minor) at 4:26, Dan Hamhuis (FLA) for Slashing (Double Minor) at 7:33, David Krejci (BOS) for Interference (Minor) at 14:45

2nd period

7. Panthers , Bryan Little 23 (Marian Hossa, Matt Niskanen) at 3:43 (PP)

Penalties :
Drew Doughty (BOS) for Hooking (Minor) at 3:37, Andrew Ladd (BOS) for Roughing (Minor) at 4:36, Ryan Strome (BOS) for Roughing (Minor) at 8:10, Drew Doughty (BOS) for Tripping (Minor) at 11:43, Dan Hamhuis (FLA) for Fighting (Major) at 16:52, Niklas Kronwall (BOS) for Fighting (Major) at 16:52, David Krejci (BOS) for Holding (Minor) at 17:00

3rd period

8. Panthers , Bryan Little 24 (Danny DeKeyser) at 6:00

Penalties :
Brad Marchand (BOS) for Slashing (Minor) at 13:03, Andrew Ladd (BOS) for Hooking (Minor) at 19:10

Goalie Stats

Michael Hutchinson (BOS), 6 saves from 6 shots - (1.000), 12:48 minutes
Tuukka Rask (BOS), 20 saves from 25 shots - (0.800), L, 29-16-4, 47:12 minutes
Ben Bishop (FLA), 21 saves from 24 shots - (0.875), W, 28-18-5, 60:00 minutes

Players Stats for Bruins

Player Name              G  A  P  +/- PIM S  H  SB GA TA FO     MP     PP MP  PK MP  
------------------------------------------------------------------------------------
Andrew Ladd              1  0  1   0  4   1  0  0  0  0  0/0    17:31   2:25   2:53 
Brad Marchand            0  0  0  -1  2   0  6  0  0  0  0/0     9:53   0:00   0:58 
Carl Soderberg           0  0  0   0  0   0  0  0  0  0  8/19   19:04   2:54   3:55 
David Krejci             0  0  0  -1  4   2  0  0  0  0  15/25  20:15   2:25   0:24 
Dougie Hamilton          0  0  0  -1  0   1  0  1  0  0  0/0    21:19   2:06   5:52 
Drew Doughty             0  1  1   0  4   2  1  0  0  0  0/0    23:14   2:06   1:58 
Jakub Voracek            1  1  2  -1  0   4  0  0  0  0  2/3    19:53   2:25   0:00 
John Carlson             0  1  1  -1  0   1  0  1  0  0  0/0    22:21   3:13   5:46 
Matt Bartkowski          0  1  1   0  0   1  2  0  0  0  0/0    11:03   0:00   0:00 
Matt Moulson             0  1  1   1  0   2  0  0  0  0  1/1    12:27   0:00   7:30 
Niklas Kronwall          0  0  0   0  5   3  2  1  0  0  0/0    22:15   0:03   4:28 
Patrice Bergeron         0  0  0  -1  0   0  1  0  0  0  16/27  18:20   2:54   6:30 
Reilly Smith             0  0  0   0  0   3  0  0  0  0  0/0    12:15   0:00   0:00 
Ryan Callahan            0  0  0   1  0   0  0  0  0  0  0/0     4:57   0:00   0:00 
Ryan Spooner             1  0  1   1  0   1  0  0  0  0  0/4     4:57   0:00   0:00 
Ryan Strome              0  0  0  -1  2   0  0  1  0  0  1/1     8:55   0:00   0:00 
Torey Krug               0  0  0   0  0   1  0  1  0  0  0/0    19:45   3:10   4:06 
Zach Parise              0  0  0  -1  0   2  2  0  0  0  1/1    20:22   2:54   0:00 

Players Stats for Panthers

Player Name              G  A  P  +/- PIM S  H  SB GA TA FO     MP     PP MP  PK MP  
------------------------------------------------------------------------------------
Bryan Little             2  0  2   1  0   5  3  0  0  0  11/28  21:41   5:57   1:49 
Dan Hamhuis              0  0  0   0  9   1  1  0  0  0  0/0    13:58   0:00   0:56 
Danny DeKeyser           0  2  2   1  0   2  5  3  0  0  0/0    23:49   4:41   2:58 
Hampus Lindholm          0  0  0   0  0   0  1  1  0  0  0/0    14:42   5:36   0:03 
Henrik Zetterberg        0  0  0   0  0   1  0  0  0  0  1/3    23:07   5:23   3:10 
Lauri Korpikoski         0  0  0   0  0   3  0  0  0  0  0/0    17:58   0:00   2:51 
Marian Hossa             0  1  1   1  0   2  1  0  0  0  1/2    21:41   5:57   1:49 
Mark Scheifele           0  1  1   0  0   1  0  0  0  0  13/18  15:07   0:00   0:00 
Matt Duchene             0  1  1   0  2   2  1  0  0  0  7/24   19:41   5:08   0:00 
Matt Niskanen            1  2  3   0  0   5  4  3  0  0  0/0    18:21   5:33   0:00 
Nathan MacKinnon         2  0  2   0  0   5  3  0  0  0  1/2    19:42   5:08   0:00 
Niklas Hjalmarsson       0  1  1   1  0   0  0  3  0  0  0/0    20:25   0:03   2:10 
Patric Hornqvist         0  0  0   1  0   1  0  0  0  0  3/4    15:35   5:08   0:56 
Rick Nash                0  0  0   1  0   2  0  0  0  0  0/0    13:55   0:00   0:00 
Rob Klinkhammer          0  0  0  -1  0   1  1  0  0  0  0/0     6:13   0:34   0:03 
Sami Salo                0  1  1   0  0   0  0  0  0  0  0/0     5:37   0:48   1:22 
T.J. Brodie              0  0  0   0  0   0  1  1  0  0  0/0    23:06   5:29   3:09 
Tim Kennedy              0  0  0   0  0   0  0  0  0  0  0/0     0:00   0:00   0:00 

3 Stars

1 - Matt Niskanen (FLA)
2 - Bryan Little (FLA)
3 - Nathan MacKinnon (FLA)

Power Play

Bruins - 1 on 3 Attempt(s) - 33.33%
Panthers - 2 on 8 Attempt(s) - 25.00%

Penalty Kill

Bruins - 6 on 8 Attempt(s) - 75.00% - Score 0 goal in Penalty Kill
Panthers - 2 on 3 Attempt(s) - 66.67% - Score 0 goal in Penalty Kill

Team Stat

Bruins - Hits : 14 - Faceoff Wins : 44 - Blocked Shots : 5 - Penalty Minutes : 21
Panthers - Hits : 21 - Faceoff Wins : 37 - Blocked Shots : 11 - Penalty Minutes : 11

Official

Referees : Ghislain Hebert and Brian Pochmara
Linesman : Scott Cherrey and Derek Nansen

Game Notes

Dan Hamhuis and Niklas Kronwall fight to a draw at 16:52 of 2nd period
Michael Hutchinson enters game at 6:00 of 3rd period
Michael Hutchinson is injured at 18:48 of 3rd period (Right Knee)
Tuukka Rask enters game at 18:48 of 3rd period

Finance

Level 1 -- Attendance: 6000 (100.00%) -- Ticket Income $642,000
Level 2 -- Attendance: 4731 (94.62%) -- Ticket Income $364,287
Level 3 -- Attendance: 2973 (84.94%) -- Ticket Income $154,596
Level 4 -- Attendance: 2659 (70.91%) -- Ticket Income $66,475
Luxury Box -- Attendance: 896 (89.60%) -- Ticket Income $179,200
Game was played at the BBT Center'
Total Attendance: 17259 (89.66%)
Total Ticket Income: $1,406,558
Other Income: $210,984
Total Income: $1,617,542

% Time on Ice - Bruins

Lines # - Real PCT - Wanted PCT - Time Play
Normal Forward
1 - 40% - 40% - 17:28
2 - 28% - 30% - 12:15
3 - 20% - 20% - 8:56
4 - 11% - 10% - 4:57
Normal Defense
1 - 42% - 40% - 18:07
2 - 31% - 30% - 13:21
3 - 25% - 20% - 11:03
4 - 2% - 10% - 1:05
PP Forward
1 - 45% - 60% - 2:25
2 - 55% - 40% - 2:54
PP Defense
1 - 61% - 60% - 3:13
2 - 39% - 40% - 2:06
PK Forward
1 - 69% - 60% - 7:41
2 - 31% - 40% - 3:24
PK Defense
1 - 55% - 60% - 6:08
2 - 45% - 40% - 4:57
PK3 Forward
1 - 0% - 60%
2 - 0% - 40%
PK3 Defense
1 - 0% - 60%
2 - 0% - 40%
44 Forward
1 - 0% - 60%
2 - 0% - 40%
44 Defense
1 - 0% - 60%
2 - 0% - 40%
Last Minute Offensive  - 0:00
Last Minute Defensive  - 0:00
Total
Forward - 60:00
Defense - 60:00

% Time on Ice - Panthers

Lines # - Real PCT - Wanted PCT - Time Play
Normal Forward
1 - 33% - 40% - 14:34
2 - 32% - 35% - 13:55
3 - 22% - 20% - 9:31
4 - 13% - 5% - 5:36
Normal Defense
1 - 39% - 40% - 17:06
2 - 35% - 35% - 15:12
3 - 20% - 20% - 8:47
4 - 6% - 5% - 2:31
PP Forward
1 - 46% - 60% - 5:08
2 - 54% - 40% - 5:57
PP Defense
1 - 51% - 60% - 5:36
2 - 49% - 40% - 5:29
PK Forward
1 - 66% - 60% - 3:30
2 - 34% - 40% - 1:49
PK Defense
1 - 33% - 60% - 1:46
2 - 67% - 40% - 3:33
PK3 Forward
1 - 0% - 65%
2 - 0% - 35%
PK3 Defense
1 - 0% - 60%
2 - 0% - 40%
44 Forward
1 - 0% - 60%
2 - 0% - 40%
44 Defense
1 - 0% - 60%
2 - 0% - 40%
Last Minute Offensive  - 0:00
Last Minute Defensive  - 0:00
Total
Forward - 60:00
Defense - 60:00

Play by Play

1st period


0:01 of 1st period - Matt Duchene wins face-off versus Jakub Voracek in neutral zone.
0:11 of 1st period - Icing by Drew Doughty.
0:12 of 1st period - David Krejci wins face-off versus Marian Hossa in Bruins zone.
0:19 of 1st period - Shot by Zach Parise.
0:19 of 1st period - Shot Hit the Post.
0:21 of 1st period - Shot by David Krejci.
0:21 of 1st period - Stopped by Ben Bishop with a rebound.
0:23 of 1st period - Shot by Niklas Kronwall.
0:23 of 1st period - Stopped by Ben Bishop without a rebound.
0:24 of 1st period - Carl Soderberg wins face-off versus Mark Scheifele in Panthers zone.
1:03 of 1st period - Icing by John Carlson.
1:04 of 1st period - Carl Soderberg wins face-off versus Matt Duchene in Bruins zone.
1:13 of 1st period - Shot by Nathan MacKinnon.
1:13 of 1st period - Stopped by Tuukka Rask without a rebound.
1:14 of 1st period - Patrice Bergeron wins face-off versus Bryan Little in Bruins zone.
1:29 of 1st period - Shot by Matt Bartkowski.
1:29 of 1st period - Shot Misses the Net.
1:43 of 1st period - Icing by Patrice Bergeron.
1:44 of 1st period - Matt Duchene wins face-off versus Patrice Bergeron in Bruins zone.
1:47 of 1st period - Shot by Henrik Zetterberg.
1:47 of 1st period - Deflect By Nathan MacKinnon.
1:47 of 1st period - Stopped by Tuukka Rask without a rebound.
1:48 of 1st period - Zach Parise wins face-off versus Matt Duchene in Bruins zone.
2:15 of 1st period - Shot by Niklas Kronwall.
2:15 of 1st period - Stopped by Ben Bishop without a rebound.
2:16 of 1st period - Mark Scheifele wins face-off versus Ryan Spooner in Panthers zone.
2:51 of 1st period - Shot by Ryan Spooner.
2:51 of 1st period - Goal by Ryan Spooner - Bruins : 1 - Panthers : 0.
2:52 of 1st period - David Krejci wins face-off versus Bryan Little in neutral zone.
3:09 of 1st period - Shot by Rick Nash.
3:09 of 1st period - Stopped by Tuukka Rask without a rebound.
3:10 of 1st period - Matt Duchene wins face-off versus Carl Soderberg in Bruins zone.
3:15 of 1st period - Shot by Henrik Zetterberg.
3:15 of 1st period - Shot Misses the Net.
3:34 of 1st period - Carl Soderberg is hit by Danny DeKeyser and loses puck.
4:05 of 1st period - Matt Duchene is hit by Zach Parise and loses puck.
4:26 of 1st period - Minor Penalty to Matt Duchene for Holding.
4:27 of 1st period - Patrice Bergeron wins face-off versus Patric Hornqvist in Panthers zone.
4:41 of 1st period - Icing by Zach Parise.
4:42 of 1st period - Patric Hornqvist wins face-off versus Patrice Bergeron in Bruins zone.
4:46 of 1st period - Icing by Torey Krug.
4:47 of 1st period - Patrice Bergeron wins face-off versus Henrik Zetterberg in Bruins zone.
5:38 of 1st period - Shot by Dougie Hamilton.
5:38 of 1st period - Stopped by Ben Bishop with a rebound.
5:40 of 1st period - Shot by Dougie Hamilton.
5:40 of 1st period - Shot Misses the Net.
5:42 of 1st period - Shot by Drew Doughty.
5:42 of 1st period - Stopped by Ben Bishop with a rebound.
5:44 of 1st period - Shot by Jakub Voracek.
5:44 of 1st period - Shot Misses the Net.
5:46 of 1st period - Shot by Andrew Ladd.
5:46 of 1st period - Goal by Andrew Ladd - Bruins : 2 - Panthers : 0.
5:47 of 1st period - Patric Hornqvist wins face-off versus Ryan Spooner in neutral zone.
5:58 of 1st period - Shot by Ryan Spooner.
5:58 of 1st period - Shot Blocked by Hampus Lindholm.
6:00 of 1st period - Shot by Niklas Kronwall.
6:00 of 1st period - Shot Blocked by Matt Niskanen.
6:02 of 1st period - Shot by Drew Doughty.
6:02 of 1st period - Shot Misses the Net.
6:06 of 1st period - Shot by Matt Moulson.
6:06 of 1st period - Shot Misses the Net.
6:08 of 1st period - Shot by Matt Moulson.
6:08 of 1st period - Stopped by Ben Bishop without a rebound.
6:09 of 1st period - Bryan Little wins face-off versus Patrice Bergeron in Panthers zone.
6:09 of 1st period - Bryan Little is hit by Brad Marchand.
6:17 of 1st period - Brad Marchand is hit by Bryan Little and loses puck.
6:24 of 1st period - Shot by Marian Hossa.
6:24 of 1st period - Stopped by Tuukka Rask without a rebound.
6:25 of 1st period - David Krejci wins face-off versus Mark Scheifele in Bruins zone.
6:35 of 1st period - Off-side.
6:36 of 1st period - Patrice Bergeron wins face-off versus Bryan Little in neutral zone.
6:45 of 1st period - Icing by Drew Doughty.
6:46 of 1st period - Patrice Bergeron wins face-off versus Bryan Little in Bruins zone.
6:57 of 1st period - Dan Hamhuis is hit by Patrice Bergeron and loses puck.
7:33 of 1st period - Double Minor Penalty to Dan Hamhuis for Slashing.
7:34 of 1st period - Henrik Zetterberg wins face-off versus David Krejci in Panthers zone.
7:55 of 1st period - Shot by David Krejci.
7:55 of 1st period - Shot Blocked by Danny DeKeyser.
8:11 of 1st period - Shot by Andrew Ladd.
8:11 of 1st period - Shot Misses the Net.
8:13 of 1st period - Shot by Andrew Ladd.
8:13 of 1st period - Deflect By Jakub Voracek.
8:13 of 1st period - Stopped by Ben Bishop without a rebound.
8:14 of 1st period - Patrice Bergeron wins face-off versus Bryan Little in Panthers zone.
9:15 of 1st period - Shot by John Carlson.
9:15 of 1st period - Shot Blocked by T.J. Brodie.
9:31 of 1st period - Shot by Andrew Ladd.
9:31 of 1st period - Shot Misses the Net.
10:06 of 1st period - Icing by Dougie Hamilton.
10:07 of 1st period - Patrice Bergeron wins face-off versus Henrik Zetterberg in Bruins zone.
10:12 of 1st period - Shot by Drew Doughty.
10:12 of 1st period - Stopped by Ben Bishop without a rebound.
10:13 of 1st period - David Krejci wins face-off versus Bryan Little in Panthers zone.
11:25 of 1st period - Shot by Drew Doughty.
11:25 of 1st period - Shot Blocked by Danny DeKeyser.
11:39 of 1st period - Shot by Bryan Little.
11:39 of 1st period - Stopped by Tuukka Rask without a rebound.
11:40 of 1st period - Bryan Little wins face-off versus Ryan Spooner in Bruins zone.
11:49 of 1st period - Shot by Matt Moulson.
11:49 of 1st period - Stopped by Ben Bishop with a rebound.
12:19 of 1st period - Ryan Callahan is hit by Marian Hossa and loses puck.
13:22 of 1st period - Shot by Jakub Voracek.
13:22 of 1st period - Goal by Jakub Voracek - Bruins : 3 - Panthers : 0.
13:23 of 1st period - Carl Soderberg wins face-off versus Matt Duchene in neutral zone.
13:25 of 1st period - Torey Krug is hit by Danny DeKeyser.
13:34 of 1st period - Matt Duchene is hit by Matt Bartkowski and loses puck.
13:46 of 1st period - Off-side.
13:47 of 1st period - Bryan Little wins face-off versus David Krejci in neutral zone.
13:57 of 1st period - Jakub Voracek is hit by Hampus Lindholm and loses puck.
14:00 of 1st period - Shot by Zach Parise.
14:00 of 1st period - Stopped by Ben Bishop without a rebound.
14:01 of 1st period - Mark Scheifele wins face-off versus Carl Soderberg in Panthers zone.
14:03 of 1st period - Icing by Matt Niskanen.
14:04 of 1st period - Mark Scheifele wins face-off versus David Krejci in Panthers zone.
14:13 of 1st period - John Carlson is hit by Matt Niskanen and loses puck.
14:24 of 1st period - Shot by Mark Scheifele.
14:24 of 1st period - Shot Blocked by John Carlson.
14:26 of 1st period - Shot by Matt Niskanen.
14:26 of 1st period - Goal by Matt Niskanen - Bruins : 3 - Panthers : 1.
14:27 of 1st period - Carl Soderberg wins face-off versus Matt Duchene in neutral zone.
14:38 of 1st period - Shot by Matt Bartkowski.
14:38 of 1st period - Stopped by Ben Bishop without a rebound.
14:39 of 1st period - David Krejci wins face-off versus Bryan Little in Panthers zone.
14:39 of 1st period - Zach Parise is hit by T.J. Brodie and loses puck.
14:45 of 1st period - Minor Penalty to David Krejci for Interference.
14:46 of 1st period - Patrice Bergeron wins face-off versus Matt Duchene in Bruins zone.
14:54 of 1st period - Shot by Patric Hornqvist.
14:54 of 1st period - Shot Misses the Net.
14:56 of 1st period - Shot by Matt Duchene.
14:56 of 1st period - Stopped by Tuukka Rask with a rebound.
14:58 of 1st period - Shot by Matt Niskanen.
14:58 of 1st period - Stopped by Tuukka Rask with a rebound.
15:00 of 1st period - Shot by Nathan MacKinnon.
15:00 of 1st period - Goal by Nathan MacKinnon - Bruins : 3 - Panthers : 2.
15:01 of 1st period - David Krejci wins face-off versus Bryan Little in neutral zone.
15:04 of 1st period - Shot by Jakub Voracek.
15:04 of 1st period - Shot Misses the Net.
15:06 of 1st period - Shot by David Krejci.
15:06 of 1st period - Stopped by Ben Bishop without a rebound.
15:07 of 1st period - David Krejci wins face-off versus Matt Duchene in Panthers zone.
15:14 of 1st period - Shot by Zach Parise.
15:14 of 1st period - Stopped by Ben Bishop without a rebound.
15:15 of 1st period - David Krejci wins face-off versus Matt Duchene in Panthers zone.
15:15 of 1st period - David Krejci is hit by Danny DeKeyser.
15:19 of 1st period - Shot by John Carlson.
15:19 of 1st period - Stopped by Ben Bishop without a rebound.
15:20 of 1st period - David Krejci wins face-off versus Matt Duchene in Panthers zone.
15:37 of 1st period - Niklas Kronwall is hit by Nathan MacKinnon and loses puck.
16:28 of 1st period - Shot by Bryan Little.
16:28 of 1st period - Shot Misses the Net.
16:30 of 1st period - Shot by Marian Hossa.
16:30 of 1st period - Shot Misses the Net.
16:40 of 1st period - Shot by Bryan Little.
16:40 of 1st period - Stopped by Tuukka Rask without a rebound.
16:41 of 1st period - Mark Scheifele wins face-off versus Carl Soderberg in Bruins zone.
17:10 of 1st period - Shot by Patric Hornqvist.
17:10 of 1st period - Shot Misses the Net.
17:34 of 1st period - John Carlson is hit by Dan Hamhuis and loses puck.
18:42 of 1st period - Danny DeKeyser is hit by Matt Bartkowski and loses puck.
18:47 of 1st period - Shot by Nathan MacKinnon.
18:47 of 1st period - Goal by Nathan MacKinnon - Bruins : 3 - Panthers : 3.
18:48 of 1st period - Mark Scheifele wins face-off versus David Krejci in neutral zone.
18:51 of 1st period - Shot by Mark Scheifele.
18:51 of 1st period - Deflect By Rob Klinkhammer.
18:51 of 1st period - Stopped by Tuukka Rask without a rebound.
18:52 of 1st period - David Krejci wins face-off versus Mark Scheifele in Bruins zone.
18:56 of 1st period - Icing by David Krejci.
18:57 of 1st period - Matt Duchene wins face-off versus David Krejci in Bruins zone.
18:57 of 1st period - Matt Duchene is hit by Niklas Kronwall.
18:59 of 1st period - Shot by Nathan MacKinnon.
18:59 of 1st period - Stopped by Tuukka Rask without a rebound.
19:00 of 1st period - David Krejci wins face-off versus Matt Duchene in Bruins zone.
19:00 of 1st period - David Krejci is hit by Danny DeKeyser.
19:21 of 1st period - Off-side.
19:22 of 1st period - Carl Soderberg wins face-off versus Bryan Little in neutral zone.
19:45 of 1st period - Shot by Rick Nash.
19:45 of 1st period - Shot Misses the Net.
Goals for this period are 3 for Bruins vs 3 for Panthers.
Shots for this period are 17 for Bruins vs 13 for Panthers.

2nd period


0:01 of 2nd period - David Krejci wins face-off versus Matt Duchene in neutral zone.
0:03 of 2nd period - Off-side.
0:04 of 2nd period - David Krejci wins face-off versus Matt Duchene in neutral zone.
0:13 of 2nd period - Matt Duchene is hit by Drew Doughty and loses puck.
0:46 of 2nd period - Shot by Drew Doughty.
0:46 of 2nd period - Shot Blocked by Niklas Hjalmarsson.
0:48 of 2nd period - Shot by Drew Doughty.
0:48 of 2nd period - Shot Misses the Net.
0:50 of 2nd period - Shot by Niklas Kronwall.
0:50 of 2nd period - Stopped by Ben Bishop without a rebound.
0:51 of 2nd period - Carl Soderberg wins face-off versus Bryan Little in Panthers zone.
0:52 of 2nd period - Shot by Reilly Smith.
0:52 of 2nd period - Shot Misses the Net.
2:12 of 2nd period - Icing by Torey Krug.
2:13 of 2nd period - Patrice Bergeron wins face-off versus Matt Duchene in Bruins zone.
2:13 of 2nd period - Patrice Bergeron is hit by Nathan MacKinnon.
2:31 of 2nd period - Shot by Torey Krug.
2:31 of 2nd period - Shot Misses the Net.
3:07 of 2nd period - David Krejci is hit by Matt Niskanen and loses puck.
3:16 of 2nd period - Icing by Drew Doughty.
3:17 of 2nd period - Mark Scheifele wins face-off versus David Krejci in Bruins zone.
3:23 of 2nd period - Lauri Korpikoski is hit by Niklas Kronwall and loses puck.
3:35 of 2nd period - Shot by Mark Scheifele.
3:35 of 2nd period - Shot Blocked by Niklas Kronwall.
3:37 of 2nd period - Shot by Matt Niskanen.
3:37 of 2nd period - Stopped by Tuukka Rask without a rebound.
3:37 of 2nd period - Minor Penalty to Drew Doughty for Hooking.
3:38 of 2nd period - Bryan Little wins face-off versus Patrice Bergeron in Bruins zone.
3:43 of 2nd period - Shot by Bryan Little.
3:43 of 2nd period - Goal by Bryan Little - Bruins : 3 - Panthers : 4.
3:44 of 2nd period - Bryan Little wins face-off versus Carl Soderberg in neutral zone.
4:36 of 2nd period - Minor Penalty to Andrew Ladd for Roughing.
4:37 of 2nd period - Matt Duchene wins face-off versus Patrice Bergeron in Bruins zone.
4:57 of 2nd period - Icing by Matt Niskanen.
4:58 of 2nd period - Matt Moulson wins face-off versus Matt Duchene in Panthers zone.
6:31 of 2nd period - Shot by Danny DeKeyser.
6:31 of 2nd period - Shot Blocked by Dougie Hamilton.
7:18 of 2nd period - Matt Bartkowski is hit by Rob Klinkhammer and loses puck.
8:08 of 2nd period - Icing by T.J. Brodie.
8:09 of 2nd period - Matt Duchene wins face-off versus Patrice Bergeron in Panthers zone.
8:09 of 2nd period - Matt Duchene is hit by Brad Marchand.
8:10 of 2nd period - Minor Penalty to Ryan Strome for Roughing.
8:11 of 2nd period - Patrice Bergeron wins face-off versus Bryan Little in Bruins zone.
9:02 of 2nd period - Dougie Hamilton is hit by Nathan MacKinnon.
9:56 of 2nd period - Shot by Marian Hossa.
9:56 of 2nd period - Shot Misses the Net.
10:22 of 2nd period - Shot by Mark Scheifele.
10:22 of 2nd period - Shot Misses the Net.
10:30 of 2nd period - Shot by Zach Parise.
10:30 of 2nd period - Shot Misses the Net.
10:55 of 2nd period - Icing by Sami Salo.
10:56 of 2nd period - Mark Scheifele wins face-off versus Patrice Bergeron in Panthers zone.
11:37 of 2nd period - Shot by Matt Duchene.
11:37 of 2nd period - Deflect By Henrik Zetterberg.
11:37 of 2nd period - Shot Misses the Net.
11:41 of 2nd period - Shot by Nathan MacKinnon.
11:41 of 2nd period - Shot Blocked by Ryan Strome.
11:43 of 2nd period - Shot by Dan Hamhuis.
11:43 of 2nd period - Stopped by Tuukka Rask without a rebound.
11:43 of 2nd period - Minor Penalty to Drew Doughty for Tripping.
11:44 of 2nd period - Bryan Little wins face-off versus Patrice Bergeron in Bruins zone.
11:57 of 2nd period - Shot by Hampus Lindholm.
11:57 of 2nd period - Shot Misses the Net.
11:59 of 2nd period - Shot by Bryan Little.
11:59 of 2nd period - Shot Misses the Net.
13:03 of 2nd period - Shot by T.J. Brodie.
13:03 of 2nd period - Shot Misses the Net.
13:05 of 2nd period - Shot by Danny DeKeyser.
13:05 of 2nd period - Shot Misses the Net.
13:07 of 2nd period - Shot by Danny DeKeyser.
13:07 of 2nd period - Stopped by Tuukka Rask without a rebound.
13:08 of 2nd period - Carl Soderberg wins face-off versus Matt Duchene in Bruins zone.
13:21 of 2nd period - Shot by Patric Hornqvist.
13:21 of 2nd period - Shot Misses the Net.
13:23 of 2nd period - Shot by Matt Niskanen.
13:23 of 2nd period - Stopped by Tuukka Rask without a rebound.
13:24 of 2nd period - Patrice Bergeron wins face-off versus Bryan Little in Bruins zone.
13:24 of 2nd period - Patrice Bergeron is hit by Bryan Little.
15:33 of 2nd period - Shot by Brad Marchand.
15:33 of 2nd period - Shot Blocked by Danny DeKeyser.
15:35 of 2nd period - Shot by Patrice Bergeron.
15:35 of 2nd period - Shot Misses the Net.
15:51 of 2nd period - Shot by Brad Marchand.
15:51 of 2nd period - Shot Blocked by Niklas Hjalmarsson.
15:53 of 2nd period - Shot by Dougie Hamilton.
15:53 of 2nd period - Shot Misses the Net.
15:55 of 2nd period - Shot by Dougie Hamilton.
15:55 of 2nd period - Shot Blocked by Niklas Hjalmarsson.
16:52 of 2nd period - Dan Hamhuis and Niklas Kronwall fight to a draw.
16:52 of 2nd period - Penalty to Dan Hamhuis for Fighting.
16:52 of 2nd period - Penalty to Niklas Kronwall for Fighting.
16:53 of 2nd period - Jakub Voracek wins face-off versus Bryan Little in neutral zone.
16:56 of 2nd period - Shot by David Krejci.
16:56 of 2nd period - Deflect By Zach Parise.
16:56 of 2nd period - Shot Blocked by Matt Niskanen.
16:59 of 2nd period - Icing by Matt Niskanen.
17:00 of 2nd period - Bryan Little wins face-off versus David Krejci in Panthers zone.
17:00 of 2nd period - Minor Penalty to David Krejci for Holding.
17:01 of 2nd period - Patrice Bergeron wins face-off versus Matt Duchene in Bruins zone.
17:23 of 2nd period - Shot by Matt Duchene.
17:23 of 2nd period - Shot Blocked by Torey Krug.
17:25 of 2nd period - Shot by Matt Niskanen.
17:25 of 2nd period - Stopped by Tuukka Rask without a rebound.
17:26 of 2nd period - Patrice Bergeron wins face-off versus Bryan Little in Bruins zone.
19:15 of 2nd period - Icing by Matt Bartkowski.
19:16 of 2nd period - Bryan Little wins face-off versus David Krejci in Bruins zone.
19:41 of 2nd period - Shot by Zach Parise.
19:41 of 2nd period - Shot Misses the Net.
19:47 of 2nd period - Shot by David Krejci.
19:47 of 2nd period - Shot Misses the Net.
Goals for this period are 0 for Bruins vs 1 for Panthers.
Shots for this period are 1 for Bruins vs 6 for Panthers.

3rd period


0:01 of 3rd period - David Krejci wins face-off versus Matt Duchene in neutral zone.
0:21 of 3rd period - Shot by Jakub Voracek.
0:21 of 3rd period - Stopped by Ben Bishop without a rebound.
0:22 of 3rd period - Bryan Little wins face-off versus Carl Soderberg in Panthers zone.
0:31 of 3rd period - Shot by Rick Nash.
0:31 of 3rd period - Stopped by Tuukka Rask without a rebound.
0:32 of 3rd period - David Krejci wins face-off versus Matt Duchene in Bruins zone.
1:35 of 3rd period - Shot by Marian Hossa.
1:35 of 3rd period - Stopped by Tuukka Rask without a rebound.
1:36 of 3rd period - Mark Scheifele wins face-off versus Carl Soderberg in Bruins zone.
2:07 of 3rd period - Shot by Patric Hornqvist.
2:07 of 3rd period - Deflect By Mark Scheifele.
2:07 of 3rd period - Stopped by Tuukka Rask without a rebound.
2:08 of 3rd period - Patrice Bergeron wins face-off versus Bryan Little in Bruins zone.
4:16 of 3rd period - Shot by Jakub Voracek.
4:16 of 3rd period - Stopped by Ben Bishop without a rebound.
4:17 of 3rd period - Mark Scheifele wins face-off versus Carl Soderberg in Panthers zone.
4:28 of 3rd period - Shot by Lauri Korpikoski.
4:28 of 3rd period - Stopped by Tuukka Rask with a rebound.
4:30 of 3rd period - Shot by Matt Niskanen.
4:30 of 3rd period - Shot Misses the Net.
4:32 of 3rd period - Shot by Mark Scheifele.
4:32 of 3rd period - Shot Misses the Net.
5:19 of 3rd period - Icing by Danny DeKeyser.
5:20 of 3rd period - Jakub Voracek wins face-off versus Bryan Little in Panthers zone.
5:20 of 3rd period - Jakub Voracek is hit by Danny DeKeyser.
6:00 of 3rd period - Shot by Bryan Little.
6:00 of 3rd period - Goal by Bryan Little - Bruins : 3 - Panthers : 5.
6:00 of 3rd period - Michael Hutchinson enters game.
6:01 of 3rd period - Ryan Strome wins face-off versus Nathan MacKinnon in neutral zone.
6:04 of 3rd period - Nathan MacKinnon is hit by Brad Marchand and loses puck.
6:08 of 3rd period - Henrik Zetterberg is hit by Brad Marchand and loses puck.
6:36 of 3rd period - Shot by Matt Duchene.
6:36 of 3rd period - Shot Misses the Net.
6:38 of 3rd period - Shot by Henrik Zetterberg.
6:38 of 3rd period - Stopped by Michael Hutchinson without a rebound.
6:39 of 3rd period - Mark Scheifele wins face-off versus Carl Soderberg in Bruins zone.
6:42 of 3rd period - Shot by Mark Scheifele.
6:42 of 3rd period - Shot Misses the Net.
7:01 of 3rd period - Icing by Hampus Lindholm.
7:02 of 3rd period - Mark Scheifele wins face-off versus David Krejci in Panthers zone.
8:56 of 3rd period - Shot by Marian Hossa.
8:56 of 3rd period - Shot Misses the Net.
9:08 of 3rd period - Shot by Reilly Smith.
9:08 of 3rd period - Stopped by Ben Bishop with a rebound.
9:33 of 3rd period - Off-side.
9:34 of 3rd period - Patrice Bergeron wins face-off versus Mark Scheifele in neutral zone.
9:56 of 3rd period - Brad Marchand is hit by Matt Niskanen.
10:36 of 3rd period - Shot by Matt Duchene.
10:36 of 3rd period - Stopped by Michael Hutchinson with a rebound.
11:44 of 3rd period - Shot by Reilly Smith.
11:44 of 3rd period - Stopped by Ben Bishop without a rebound.
11:45 of 3rd period - Patric Hornqvist wins face-off versus David Krejci in Panthers zone.
11:45 of 3rd period - Patric Hornqvist is hit by Zach Parise.
12:06 of 3rd period - Shot by David Krejci.
12:06 of 3rd period - Shot Blocked by Matt Niskanen.
12:21 of 3rd period - Icing by Matt Niskanen.
12:22 of 3rd period - Mark Scheifele wins face-off versus Carl Soderberg in Panthers zone.
12:39 of 3rd period - Shot by Andrew Ladd.
12:39 of 3rd period - Shot Misses the Net.
12:41 of 3rd period - Shot by Reilly Smith.
12:41 of 3rd period - Stopped by Ben Bishop with a rebound.
12:43 of 3rd period - Shot by Torey Krug.
12:43 of 3rd period - Stopped by Ben Bishop without a rebound.
12:44 of 3rd period - Matt Duchene wins face-off versus Patrice Bergeron in Panthers zone.
12:44 of 3rd period - Nathan MacKinnon is hit by Brad Marchand and loses puck.
12:54 of 3rd period - Icing by Niklas Kronwall.
12:55 of 3rd period - Bryan Little wins face-off versus Patrice Bergeron in Bruins zone.
13:02 of 3rd period - Bryan Little is hit by Brad Marchand and loses puck.
13:03 of 3rd period - Minor Penalty to Brad Marchand for Slashing.
13:04 of 3rd period - Bryan Little wins face-off versus Patrice Bergeron in Bruins zone.
14:27 of 3rd period - Icing by Matt Niskanen.
14:28 of 3rd period - Nathan MacKinnon wins face-off versus Carl Soderberg in Panthers zone.
15:10 of 3rd period - Shot by Lauri Korpikoski.
15:10 of 3rd period - Stopped by Michael Hutchinson without a rebound.
15:11 of 3rd period - Mark Scheifele wins face-off versus Carl Soderberg in Bruins zone.
17:13 of 3rd period - Jakub Voracek is hit by Matt Duchene and loses puck.
17:22 of 3rd period - Shot by Henrik Zetterberg.
17:22 of 3rd period - Shot Misses the Net.
18:17 of 3rd period - Brad Marchand is hit by Matt Niskanen and loses puck.
18:32 of 3rd period - Shot by Patric Hornqvist.
18:32 of 3rd period - Stopped by Michael Hutchinson with a rebound.
18:34 of 3rd period - Shot by Lauri Korpikoski.
18:34 of 3rd period - Stopped by Michael Hutchinson with a rebound.
18:42 of 3rd period - Shot by Lauri Korpikoski.
18:42 of 3rd period - Shot Misses the Net.
18:46 of 3rd period - Shot by Patric Hornqvist.
18:46 of 3rd period - Shot Misses the Net.
18:48 of 3rd period - Shot by Danny DeKeyser.
18:48 of 3rd period - Stopped by Michael Hutchinson without a rebound.
18:48 of 3rd period - Michael Hutchinson from Bruins is injured at 18:48 of 3rd period (Right Knee).
18:48 of 3rd period - Tuukka Rask enters game.
18:49 of 3rd period - Marian Hossa wins face-off versus Ryan Spooner in Bruins zone.
18:52 of 3rd period - Shot by Bryan Little.
18:52 of 3rd period - Stopped by Tuukka Rask without a rebound.
18:53 of 3rd period - Carl Soderberg wins face-off versus Mark Scheifele in Bruins zone.
19:10 of 3rd period - Minor Penalty to Andrew Ladd for Hooking.
19:11 of 3rd period - Patrice Bergeron wins face-off versus Bryan Little in Bruins zone.
19:11 of 3rd period - Patrice Bergeron is hit by Bryan Little.
Goals for this period are 0 for Bruins vs 1 for Panthers.
Shots for this period are 6 for Bruins vs 12 for Panthers.


Output by the SimonT Hockey Simulator (STHS) for Stephane Roy -- Original Page W3C XHTML 1.0 Valid
Hockey Simulator - Hockey Simulation - Hockey Manager